PAAA
JERSEY CITY TRITONS @ PLYMOUTH ROCKS
05/27/2042
 
TOP OF THE 1ST
Jersey City Tritons batting - Pitching for Plymouth Rocks : RHP Melvin Turner
Pitching: RHP Melvin Turner
Batting: RHB Santiago Valentín 0-0: Ball
1-0: Ball
2-0: Called Strike
2-1: SINGLE (Groundball, 56D, EV 98.8 MPH)
Batting: RHB Marvin Clark 0-0: Fielders Choice at 2nd, 6-4 (Groundball, 6, EV 83.8 MPH)
Batting: RHB Xiao-yong Huang 0-0: Called Strike
0-1: Grounds into double play, 5-4-3 (Groundball, 56S, EV 80.0 MPH)
Top of the 1st over - 0 runs, 1 hit, 0 errors, 0 left on base; Jersey City 0 - Plymouth 0
BOTTOM OF THE 1ST
Plymouth Rocks batting - Pitching for Jersey City Tritons : LHP Wayne Compton
Pitching: LHP Wayne Compton
Batting: RHB Guillermo Coss 0-0: Called Strike
0-1: Ball
1-1: Ground out 5-3 (Groundball, 5S, EV 92.5 MPH)
Batting: LHB Jesús Guillén 0-0: Ball
1-0: Ball
2-0: Called Strike
2-1: Swinging Strike
2-2: Strikes out swinging
Batting: RHB Tony Randolph 0-0: Foul Ball, location: 2F
0-1: Called Strike
0-2: Ball
1-2: Ball
2-2: Ball
3-2: Strikes out swinging
Bottom of the 1st over - 0 runs, 0 hits, 0 errors, 0 left on base; Jersey City 0 - Plymouth 0
TOP OF THE 2ND
Jersey City Tritons batting - Pitching for Plymouth Rocks : RHP Melvin Turner
Batting: LHB Kevin Hancock 0-0: Fly out, F9 (Flyball, 9, EV 81.2 MPH)
Batting: LHB Jim Henson 0-0: Called Strike
0-1: Foul Ball, location: 2F
0-2: Strikes out looking
Batting: LHB Steve Whitehead 0-0: Called Strike
0-1: Swinging Strike
0-2: Ball
1-2: Strikes out swinging
Top of the 2nd over - 0 runs, 0 hits, 0 errors, 0 left on base; Jersey City 0 - Plymouth 0
BOTTOM OF THE 2ND
Plymouth Rocks batting - Pitching for Jersey City Tritons : LHP Wayne Compton
Batting: RHB Jaime Burgos 0-0: Ball
1-0: SINGLE (Groundball, 4MD, EV 95.0 MPH)
Batting: RHB Miguel Contreras 0-0: Ball
1-0: Fly out, F8 (Flyball, 8LXD, EV 97.5 MPH)
Batting: LHB You-liang Yang 0-0: Ground out 4-3 (Groundball, 34, EV 81.2 MPH)
Jaime Burgos to second
Batting: RHB Curt Taylor 0-0: Swinging Strike
0-1: Swinging Strike
0-2: Ground out 5-3 (Groundball, 56S, EV 78.8 MPH)
Bottom of the 2nd over - 0 runs, 1 hit, 0 errors, 1 left on base; Jersey City 0 - Plymouth 0
TOP OF THE 3RD
Jersey City Tritons batting - Pitching for Plymouth Rocks : RHP Melvin Turner
Batting: RHB Omar Krutsinger 0-0: Called Strike
0-1: Swinging Strike
0-2: Ball
1-2: Strikes out swinging
Batting: RHB Eddie Hickford 0-0: Called Strike
0-1: Foul Ball, location: 2F
0-2: Strikes out swinging
Batting: LHB Jarred Williamson 0-0: Called Strike
0-1: Foul Ball, location: 2F
0-2: Foul Ball, location: 2F
0-2: Ball
1-2: Fly out, F8 (Flyball, 8LM, EV 89.4 MPH)
Top of the 3rd over - 0 runs, 0 hits, 0 errors, 0 left on base; Jersey City 0 - Plymouth 0
BOTTOM OF THE 3RD
Plymouth Rocks batting - Pitching for Jersey City Tritons : LHP Wayne Compton
Batting: RHB Josip Primorac 0-0: Foul Ball, location: 2F
0-1: Foul Ball, location: 2F
0-2: Ground out 6-3 (Groundball, 6, EV 78.8 MPH)
Batting: LHB Pedro Marrero 0-0: Fly out, F6 (Popup, 6D, EV 46.2 MPH)
Batting: RHB Guillermo Coss 0-0: Swinging Strike
0-1: Ball
1-1: Ball
2-1: Foul Ball, location: 2F
2-2: SINGLE (Groundball, 4, EV 82.5 MPH) (infield hit)
Batting: LHB Jesús Guillén 0-0: Called Strike
0-1: Ball
Guillermo Coss steals 2nd base
1-1: Ball
2-1: Ball
3-1: Called Strike
3-2: Base on Balls
Batting: RHB Tony Randolph 0-0: Ball
1-0: Ball
2-0: Ground out 1-3 (Groundball, 34S, EV 83.8 MPH)
Bottom of the 3rd over - 0 runs, 1 hit, 0 errors, 2 left on base; Jersey City 0 - Plymouth 0
TOP OF THE 4TH
Jersey City Tritons batting - Pitching for Plymouth Rocks : RHP Melvin Turner
Batting: RHB Santiago Valentín 0-0: Called Strike
0-1: Swinging Strike
0-2: Strikes out swinging, 2-3 out at first.
Batting: RHB Marvin Clark 0-0: Called Strike
0-1: Ball
1-1: Ball
2-1: Foul Ball, location: 2F
2-2: Fly out, F8 (Flyball, 89S, EV 93.8 MPH)
Batting: RHB Xiao-yong Huang 0-0: Called Strike
0-1: Foul Ball, location: 2F
0-2: Ball
1-2: Foul Ball, location: 2F
1-2: Foul Ball, location: 2F
1-2: Ball
2-2: Ball
3-2: Strikes out swinging
Top of the 4th over - 0 runs, 0 hits, 0 errors, 0 left on base; Jersey City 0 - Plymouth 0
BOTTOM OF THE 4TH
Plymouth Rocks batting - Pitching for Jersey City Tritons : LHP Wayne Compton
Batting: RHB Jaime Burgos 0-0: Ball
1-0: Ground out 2-3 (Groundball, 2R, EV 68.8 MPH)
Batting: RHB Miguel Contreras 0-0: Called Strike
0-1: Ball
1-1: SINGLE (Flyball, 7S, EV 93.8 MPH)
Batting: LHB You-liang Yang 0-0: Called Strike
0-1: Ball
1-1: Ball
2-1: Fly out, F8 (Flyball, 8LS, EV 88.8 MPH)
Batting: RHB Curt Taylor 0-0: Ball
Miguel Contreras is caught stealing 2nd base 2-4
Bottom of the 4th over - 0 runs, 1 hit, 0 errors, 0 left on base; Jersey City 0 - Plymouth 0
TOP OF THE 5TH
Jersey City Tritons batting - Pitching for Plymouth Rocks : RHP Melvin Turner
Batting: LHB Kevin Hancock 0-0: Called Strike
0-1: Ball
1-1: Foul Ball, location: 2F
1-2: Strikes out swinging
Batting: LHB Jim Henson 0-0: Called Strike
0-1: Swinging Strike
0-2: Ball
1-2: Strikes out swinging
Batting: LHB Steve Whitehead 0-0: Ball
1-0: Called Strike
1-1: Foul Ball, location: 2F
1-2: Strikes out swinging
Top of the 5th over - 0 runs, 0 hits, 0 errors, 0 left on base; Jersey City 0 - Plymouth 0
BOTTOM OF THE 5TH
Plymouth Rocks batting - Pitching for Jersey City Tritons : LHP Wayne Compton
Batting: RHB Curt Taylor 0-0: Ball
1-0: Foul Ball, location: 2F
1-1: Ball
2-1: Ball
3-1: DOUBLE (Line Drive, 7LM, EV 104.4 MPH)
Batting: RHB Josip Primorac 0-0: Fly out, F9 (Flyball, 9, EV 82.5 MPH)
Batting: LHB Pedro Marrero 0-0: Foul Ball, location: 2F
0-1: Ball
1-1: Swinging Strike
1-2: Ball
2-2: Ground out 6-3 (Groundball, 6, EV 86.2 MPH)
Batting: RHB Guillermo Coss 0-0: Foul Ball, location: 2F
0-1: Ball
1-1: Called Strike
1-2: Ball
2-2: Fly out, F3 (Line Drive, 3, EV 66.2 MPH)
Bottom of the 5th over - 0 runs, 1 hit, 0 errors, 1 left on base; Jersey City 0 - Plymouth 0
TOP OF THE 6TH
Jersey City Tritons batting - Pitching for Plymouth Rocks : RHP Melvin Turner
Batting: RHB Omar Krutsinger 0-0: SINGLE (Line Drive, 34, EV 100.0 MPH)
Batting: RHB Eddie Hickford 0-0: Foul Ball, location: 2F
0-1: Ball
1-1: Foul Ball, location: 2F
1-2: Foul Ball, location: 2F
1-2: Ball
2-2: Strikes out swinging
Batting: LHB Jarred Williamson 0-0: Grounds into double play, 6-4-3 (Groundball, 6, EV 89.4 MPH)
Top of the 6th over - 0 runs, 1 hit, 0 errors, 0 left on base; Jersey City 0 - Plymouth 0
BOTTOM OF THE 6TH
Plymouth Rocks batting - Pitching for Jersey City Tritons : LHP Wayne Compton
Batting: LHB Jesús Guillén 0-0: Ball
1-0: Fly out, F8 (Flyball, 8RXD, EV 92.5 MPH)
Batting: RHB Tony Randolph 0-0: Ball
1-0: Ball
2-0: Foul Ball, location: 2F
2-1: DOUBLE (Flyball, 89D, EV 98.8 MPH)
Batting: RHB Jaime Burgos 0-0: Called Strike
0-1: Ball
1-1: Foul Ball, location: 2F
1-2: Foul Ball, location: 2F
1-2: Foul Ball, location: 2F
1-2: Foul Ball, location: 2F
1-2: Ball
2-2: Strikes out looking
Batting: RHB Miguel Contreras 0-0: Called Strike
0-1: Swinging Strike
0-2: Fly out, F8 (Flyball, 89D, EV 89.4 MPH)
Bottom of the 6th over - 0 runs, 1 hit, 0 errors, 1 left on base; Jersey City 0 - Plymouth 0
TOP OF THE 7TH
Jersey City Tritons batting - Pitching for Plymouth Rocks : RHP Melvin Turner
Batting: RHB Santiago Valentín 0-0: Ball
1-0: Foul Ball, location: 2F
1-1: Ball
2-1: Ground out 4-3 (Groundball, 4M, EV 91.9 MPH)
Batting: RHB Marvin Clark 0-0: Fly out, F7 (Flyball, 7, EV 90.0 MPH)
Batting: RHB Xiao-yong Huang 0-0: Called Strike
0-1: Ball
1-1: Foul Ball, location: 2F
1-2: Fly out, F7 (Line Drive, 7D, EV 95.0 MPH)
Top of the 7th over - 0 runs, 0 hits, 0 errors, 0 left on base; Jersey City 0 - Plymouth 0
BOTTOM OF THE 7TH
Plymouth Rocks batting - Pitching for Jersey City Tritons : LHP Wayne Compton
Batting: LHB You-liang Yang 0-0: Called Strike
0-1: Ball
1-1: Called Strike
1-2: Ground out 6-3 (Groundball, 6, EV 102.5 MPH)
Batting: RHB Curt Taylor 0-0: Ground out U3 (Groundball, 3, EV 90.0 MPH)
Batting: RHB Josip Primorac 0-0: Ball
1-0: Called Strike
1-1: Foul Ball, location: 2F
1-2: Ball
2-2: Fly out, F4 (Popup, 4M, EV 74.4 MPH)
Bottom of the 7th over - 0 runs, 0 hits, 0 errors, 0 left on base; Jersey City 0 - Plymouth 0
TOP OF THE 8TH
Jersey City Tritons batting - Pitching for Plymouth Rocks : RHP Melvin Turner
Batting: LHB Kevin Hancock 0-0: Ball
1-0: Called Strike
1-1: Foul Ball, location: 2F
1-2: Strikes out looking
Batting: LHB Jim Henson 0-0: Swinging Strike
0-1: Called Strike
0-2: Strikes out swinging
Batting: LHB Steve Whitehead 0-0: SINGLE (Groundball, 6MD, EV 102.5 MPH)
Batting: RHB Omar Krutsinger 0-0: Called Strike
0-1: Foul Ball, location: 2F
0-2: Ball
1-2: Ground out 3-1 (Groundball, 3, EV 86.9 MPH)
Top of the 8th over - 0 runs, 1 hit, 0 errors, 1 left on base; Jersey City 0 - Plymouth 0
BOTTOM OF THE 8TH
Plymouth Rocks batting - Pitching for Jersey City Tritons : LHP Wayne Compton
Batting: LHB Pedro Marrero 0-0: Ball
1-0: Foul Ball, location: 2F
1-1: Ball
2-1: Called Strike
2-2: Ball
3-2: Fly out, F7 (Flyball, 7S, EV 91.2 MPH)
Batting: RHB Guillermo Coss 0-0: Ball
1-0: Swinging Strike
1-1: Ball
2-1: Ground out 6-3 (Groundball, 6, EV 84.4 MPH)
Batting: LHB Jesús Guillén 0-0: Ball
1-0: Foul Ball, location: 2F
1-1: Ball
2-1: Ground out 4-3 (Groundball, 4, EV 78.1 MPH)
Bottom of the 8th over - 0 runs, 0 hits, 0 errors, 0 left on base; Jersey City 0 - Plymouth 0
TOP OF THE 9TH
Jersey City Tritons batting - Pitching for Plymouth Rocks : RHP Melvin Turner
Batting: RHB Eddie Hickford 0-0: Called Strike
0-1: Ball
1-1: Ball
2-1: Foul Ball, location: 2F
2-2: Ground out 5-3 (Groundball, 56, EV 84.4 MPH)
Batting: LHB Jarred Williamson 0-0: Ball
1-0: Foul Ball, location: 2F
1-1: Foul Ball, location: 2F
1-2: Foul Ball, location: 2F
1-2: Ball
2-2: Ball
3-2: SINGLE (Flyball, 7LS, EV 94.4 MPH)
Pitching: LHP Josh Brennan
Pinch Runner at 1st Tolenka Kafengauz:
Batting: RHB Santiago Valentín 0-0: Ball
1-0: Called Strike
1-1: Called Strike
1-2: Ball
2-2: Strikes out swinging
Batting: RHB Marvin Clark 0-0: Ball
Tolenka Kafengauz is caught stealing 2nd base 2-4
Top of the 9th over - 0 runs, 1 hit, 0 errors, 0 left on base; Jersey City 0 - Plymouth 0
BOTTOM OF THE 9TH
Plymouth Rocks batting - Pitching for Jersey City Tritons : LHP Wayne Compton
Pitching: RHP José Escalante
Now at C: David Elías
Pinch Hitting: LHB Michael Malloy 0-0: Ball
1-0: Ball
2-0: Foul Ball, location: 2F
2-1: Ball
3-1: Foul Ball, location: 2F
3-2: Foul Ball, location: 2F
3-2: Base on Balls
Batting: RHB Jaime Burgos 0-0: Ball
1-0: Foul Ball, location: 2F
1-1: SINGLE (Groundball, 56D, EV 95.0 MPH)
Michael Malloy to second
Batting: RHB Miguel Contreras 0-0: Foul Ball, location: 2F
0-1: SINGLE (Flyball, 8RS, EV 92.5 MPH)
Michael Malloy to third
Jaime Burgos to second
Batting: LHB You-liang Yang 0-0: Fly out, F8 (Line Drive, 8LM, EV 86.9 MPH)
Runner from 3rd tags up, SCORES, throw by CF
Friday, March 26th, 2021 - OOTP Baseball 20.8 Build 74